AoeStats
← xr0015

Arena

508937186Analyzed
1v1 RM · 7d ago on Sep 24, 2026· 38m 1s· 2 players
Game mode
Random Map
Map size
Tiny (2 player)
Population
200
Speed
Normal
Resources
Standard
Victory
Conquest
Starting age
Dark Age
Ending age
Imperial Age
RankedLock teamsTeams togetherTeam positionsShared explorationLock speedFull tech treeHidden civsTurbo modeCheats
Victory
Defeat
🇦🇷 Italians · Argentina
980
+15
🇧🇷 Romans · Brazil
957
-15
xr0015
10:05 Feudal Age
8:55 Loom
11:30 Horse Collar
11:36 Double-Bit Axe
18:59 Castle Age
17:35 Scale Mail Armor
17:56 Stone Mining
17:35 Man-at-Arms
18:34 Gold Mining
19:00 Long Swordsman
20:49 Chain Mail Armor
20:23 Pikeman
22:50 Forging
22:55 Fletching
28:55 Imperial Age
30:56 Elite Skirmisher
34:00 Legionary
34:45 Padded Archer Armor
34:52 Squires
37:59 Gold Shaft Mining
Bubba5148786
10:52 Feudal Age
14:36 Castle Age
13:09 Double-Bit Axe
21:03 Loom
24:05 Fletching
24:15 Padded Archer Armor
27:56 Imperial Age
26:28 Ballistics
27:06 Gold Mining
29:42 Chemistry
33:03 Crossbowman
34:10 Elite Skirmisher
34:22 Light Cavalry
35:53 Bodkin Arrow
36:13 Leather Archer Armor
36:11 Masonry
35:56 Murder Holes
35:42 Treadmill Crane
36:12 Elite Genoese Crossbowman
36:28 Arbalester
37:13 Thumb Ring
Connection lost

Rejoining the realm…

Still unreachable

The connection could not be restored.

Session expired

The server has moved on; the page needs a fresh start.